 Dungeon Crawl Stone Soup version 0.18.1-8-gdd0e5ea (webtiles) character file.

77 Stormphoenix the Covert (level 4, -1/22 HPs)
             Began as a Spriggan Assassin on June 12, 2016.
             Slain by a worm (9 damage)
             ... on level 2 of the Dungeon.
             The game lasted 00:02:13 (1344 turns).

Stormphoenix the Covert (Spriggan Assassin)         Turns: 1344, Time: 00:02:13

Health: -1/22      AC:  4    Str:  8    XL:     4   Next: 14%
Magic:  5/5        EV: 17    Int: 12    God:
Gold:   68         SH:  0    Dex: 17    Spells: 0 memorised, 3 levels left

rFire  . . .     SeeInvis +     a - +2 dagger
rCold  . . .     Gourm    .     c - +0 robe
rNeg   . . .     Faith    .     (shield restricted)
rPois  .         Spirit   .     (helmet restricted)
rElec  .         Dismiss  .     d - +1 cloak
rCorr  .         Reflect  .     (gloves unavailable)
SustAt .         Harm     .     (boots unavailable)
MR     .....                    (no amulet)
Stlth  +++++.....               (no ring)
                                (no ring)

@: very quick, not resistant to hostile enchantments, quite stealthy
A: unfitting armour, see invisible, herbivore 3, speed 3, slow metabolism 2
a: no special abilities


You were on level 2 of the Dungeon.
You were not hungry.

You visited 1 branch of the dungeon, and saw 2 of its levels.

You collected 68 gold pieces.

Inventory:

Hand Weapons
 a - a +2 dagger (weapon)
 b - a +0 blowgun
Missiles
 e - 30 poisoned needles
 f - 2 curare-tipped needles
Armour
 c - a +0 robe (worn)
 d - a +1 cloak (worn)
Scrolls
 j - a scroll of identify {unknown}
 k - a scroll of immolation {unknown}
 l - a scroll of recharging {unknown}
Potions
 h - a potion of brilliance
 i - 2 potions of heal wounds {unknown}
Comestibles
 g - 2 bread rations


   Skills:
 - Level 1.5 Fighting
 - Level 2.1 Short Blades
 - Level 2.0 Throwing
 - Level 1.5 Dodging
 + Level 8.7 Stealth


You had 3 spell levels left.
You didn't know any spells.

Dungeon Overview and Level Annotations

Branches:
Dungeon (2/15)

Altars:


Innate Abilities, Weirdness & Mutations

You are tiny and cannot use many weapons and most armour.
You have supernaturally acute eyesight.
You are a herbivore.
You cover ground extremely quickly.
You need consume almost no food.


Message History

The bat barely misses you.
You hit the worm but do no damage.
The worm is heavily wounded.
The worm completely misses you.
You hit the worm.
The worm is severely wounded.
The bat closely misses you.
You hit the worm.
The worm is almost dead.
The bat misses you. The worm closely misses you.
You hit the worm.
The worm is almost dead.
The bat hits you but does no damage.
You hit the worm.
The worm is almost dead.
The bat barely misses you. The worm closely misses you.
You hit the worm.
The worm is almost dead.
The bat misses you. The worm bites you!
You die...

.#........+.#.. #..............##
.#........#.#####..............#
.#...?....#.#.......>..........#
.#........#.#.#######............
.#........#...## #............
##....###.....## ###+######...
+....+ +.....<# . #... #....#
#..?..#####.... ... #....
##...$.@....... #...
#..†...w.#.... #......b.# .
...........# .###.......# .
......#### .......# .......#


You could see a worm and a bat.

Vanquished Creatures
  Natasha (D:2)
  An adder (D:2)
  An ooze (D:1)
  2 worms (D:2)
  A giant gecko (D:1)
  2 bats (D:1)
  2 giant cockroaches
  6 hobgoblins
  3 jackals (D:2)
  A quokka (D:2)
  A giant newt (D:2)
  5 goblins
  A kobold (D:2)
  4 rats
31 creatures vanquished.

Notes
Turn   | Place    | Note
--------------------------------------------------------------
     0 | D:1      | Stormphoenix the Spriggan Assassin began the quest for the Orb.
     0 | D:1      | Reached XP level 1. HP: 10/10 MP: 2/2
    83 | D:1      | Reached skill level 6 in Stealth
   130 | D:1      | Reached XP level 2. HP: 11/14 MP: 3/3
   560 | D:1      | Reached skill level 7 in Stealth
  1117 | D:2      | Reached XP level 3. HP: 18/18 MP: 4/4
  1298 | D:2      | Reached skill level 8 in Stealth
  1306 | D:2      | Noticed Natasha
  1313 | D:2      | Killed Natasha
  1313 | D:2      | Reached XP level 4. HP: 22/22 MP: 5/5
  1344 | D:2      | Slain by a worm

Skill      XL: |  1  2  3 |
---------------+----------+-----
Stealth        | 6 7 8 |  8.7
Fighting       | |  1.5
Short Blades   | |  2.1
Throwing       | |  2.0
Dodging        | |  1.5

Action                   |  1- 3 |  4- 6 || total
-------------------------+-------+-------++-------
Melee: Dagger            |    68 |    23 ||    91
  Use: Scroll            |     3 |       ||     3
       Potion            |     2 |       ||     2
 Stab: Sleeping          |    15 |       ||    15
Armor: Robe              |     8 |     4 ||    12
Dodge: Dodged            |    34 |    23 ||    57
